AoeStats
← [NICE_ASS] BigMasi

Nomad

507332457Analyzed
3v3 RM · 15d ago on Sep 17, 2026· 38m 25s· 6 players
Game mode
Random Map
Map size
210×210
Population
200
Speed
Normal
Resources
Standard
Victory
Conquest
Starting age
Dark Age
Ending age
Imperial Age
RankedLock teamsTeams togetherTeam positionsShared explorationLock speedFull tech treeHidden civsTurbo modeCheats
Victory
Defeat
🇨🇭 Vietnamese · Switzerland
1294
+13
🇨🇭 Huns · Switzerland
1176
+18
🇨🇭 Chinese · Switzerland
1112
+22
🇦🇷 Persians · Argentina
1236
-18
🇲🇽 Celts · Mexico
1231
-18
🇵🇪 Italians · Peru
1208
-17
Havoc_
5:38 Loom
13:39 Feudal Age
17:49 Castle Age
15:59 Double-Bit Axe
16:43 Horse Collar
19:36 Fletching
31:48 Town Watch
35:45 Wheelbarrow
38:48 Imperial Age
36:23 Bodkin Arrow
83T01SRA3L
12:25 Loom
15:26 Feudal Age
16:21 Town Watch
19:22 Castle Age
21:24 Fletching
21:35 Scale Mail Armor
23:50 Gold Mining
25:52 Double-Bit Axe
26:40 Pikeman
29:23 Forging
30:54 Padded Archer Armor
32:20 Elite Skirmisher
34:50 Horse Collar
38:28 Gold Shaft Mining
RedJohn
5:29 Loom
12:58 Feudal Age
13:55 Double-Bit Axe
16:56 Fishing Lines
18:35 Gold Mining
25:51 Castle Age
25:14 Town Watch
26:28 Medium Warships
28:43 Wheelbarrow
28:44 Bloodlines
28:42 Scale Barding Armor
30:11 Chain Barding Armor
30:43 Husbandry
36:49 Gold Shaft Mining
36:05 Stone Mining
hanibalX
5:01 Loom
16:09 Feudal Age
16:50 Double-Bit Axe
16:51 Fishing Lines
17:50 Forging
17:46 Scale Barding Armor
19:34 Bloodlines
23:05 Castle Age
21:24 Fletching
22:41 Padded Archer Armor
22:44 Gold Mining
24:32 Bow Saw
24:20 Bodkin Arrow
24:41 Leather Archer Armor
26:44 Ballistics
29:08 Town Watch
30:06 Thumb Ring
30:49 Gold Shaft Mining
33:09 Wheelbarrow
32:49 Husbandry
[UKB] Vincent Giovanni
15:24 Feudal Age
13:43 Loom
15:30 Feudal Age
19:56 Castle Age
18:01 Fletching
18:12 Horse Collar
25:48 Fishing Lines
26:55 Stone Mining
31:22 Double-Bit Axe
32:15 Bow Saw
36:03 Heavy Plow
36:57 Wheelbarrow
38:36 Hand Cart
38:10 Town Watch
38:49 Ballistics
38:54 Padded Archer Armor
[NICE_ASS] BigMasi
5:57 Loom
8:57 Loom
13:25 Feudal Age
14:25 Double-Bit Axe
14:32 Gold Mining
22:11 Castle Age
21:10 Stone Mining
27:24 Horse Collar
31:14 Wheelbarrow
36:02 Imperial Age
34:39 Fletching
35:12 Husbandry
35:32 Bodkin Arrow
35:43 Scale Barding Armor
36:03 Hand Cart
35:34 Town Watch
36:38 Herbal Medicine
37:30 Heavy Plow
37:47 Bow Saw
38:53 Bracer
38:55 Padded Archer Armor
Connection lost

Rejoining the realm…

Still unreachable

The connection could not be restored.

Session expired

The server has moved on; the page needs a fresh start.